 Dungeon Sprint DCSS version 0.27-a0-797-g27d10ad80f (webtiles) character file.

Game seed: 11210387280622894351

4 mhtbhm the Skirmisher (level 1, -2/22 HPs)
             Began as a Gargoyle Berserker on Mar 27, 2021.
             Was a Believer of Trog.
             Slain by a phantom (6 damage)
             ... in the Dungeon (Sprint IX: "|||||||||||||||||||||||||||||").
             The game lasted 00:00:05 (60 turns).

mhtbhm the Skirmisher (Gargoyle Berserker)            Turns: 60, Time: 00:00:06

Health: -2/22      AC:  4    Str: 20    XL:     1   Next: 70%
Magic:  1/1        EV: 12    Int:  7    God:    Trog [**....]
Gold:   0          SH:  0    Dex:  9    Spells: 0/0 levels left

rFire    . . .     SeeInvis .   a - +0 mace
rCold    . . .     Faith    .   (no shield)
rNeg     + . .     Spirit   .   b - +0 animal skin
rPois    ∞         Reflect  .   (no helmet)
rElec    +         Harm     .   (no cloak)
rCorr    .         Rampage  .   (no gloves)
Will     .....     NoTele   +   (no boots)
Stlth    ..........             (no amulet)
HPRegen  0.07/turn              (no ring)
MPRegen  0.07/turn              (no ring)

@: berserking (expiring), very quick
A: AC +2, negative energy resistance 1, electricity resistance, torment
resistance 1, unbreathing 1, petrification resistance
a: Renounce Religion, Berserk, Trog's Hand


You were in the Dungeon.
You worshipped Trog.
Trog was pleased with you.
You visited 1 branch

Inventory:

Hand Weapons
 a - a +0 mace (weapon)
Armour
 b - a +0 animal skin (worn)
Scrolls
 h - a scroll of blinking
Potions
 c - a potion of curing
 d - a potion of heal wounds
 e - a potion of haste
 f - 2 potions of magic
 g - a potion of berserk rage


   Skills:
 + Level 4.0 Fighting
 + Level 3.6 Maces & Flails
 + Level 2.4 Armour
 + Level 1.8 Dodging


You couldn't memorise any spells.
You didn't know any spells.
Your spell library was empty.

Dungeon Overview and Level Annotations

Branches:
Dungeon (1/1)

Altars:


Innate Abilities, Weirdness & Mutations

Your stone body is resilient. (AC +2)
You are immune to poison.
You resist negative energy. (rN+)
You are resistant to electric shocks. (rElec)
You are resistant to unholy torment.
You can survive without breathing.
You are immune to petrification.


Message History

There is an open door to the Dungeon here.
Things that are here:
a +0 short sword; a bat corpse; a giant cockroach corpse You sock the ball python!
You feel the power of Trog in you as your rage grows.
You kill the ball python!
Trog accepts your kill.
Your Fighting skill increases to level 4!
You see here a ball python corpse.
You feel a strong urge to attack something.
You are no longer berserk.
You are exhausted.
You feel yourself slow down.
You start waiting.
You feel yourself speed up.
You start waiting.
You recover from your berserk rage.
You open the door. 2 quokkas, a jelly, a scorpion and a phantom come into view.
The jelly quivers.
A red film seems to cover your vision as you go berserk!
You feel yourself moving faster!
You feel mighty! The phantom hits you.
You closely miss the phantom. The phantom hits you.
You closely miss the phantom. The phantom hits you.
You completely miss the phantom. You thump the phantom!
The phantom is moderately damaged.
The phantom hits you!
You hit the phantom.
The phantom is moderately damaged.
The phantom hits you but does no damage.
You sock the phantom!
The phantom is heavily damaged.
The phantom hits you.
* * * LOW HITPOINT WARNING * * *
The jelly jiggles.
You miss the phantom.
The phantom is heavily damaged.
The phantom hits you.
You die...

▓.▓
▓.▓
▓.▓
▓)▓
▓†▓
▓.▓
▓.▓
▓.▓
▓@▓
▓W▓
▓r▓
▓J▓
▓s▓
▓r▓
▓.▓
▓+▓


You could see a phantom, a scorpion, a jelly and 2 quokkas.

Vanquished Creatures
  An endoplasm (D)
  A giant cockroach (D)
  A ball python (D)
  A bat (D)
  A kobold (D)
5 creatures vanquished.

Notes
Turn   | Place    | Note
-------+----------+-------------------------------------------
     0 | D        | mhtbhm the Gargoyle Berserker began the quest for the Orb.
     0 | D        | Reached XP level 1. HP: 14/14 MP: 1/1
     9 | D        | Reached ** piety under Trog
    13 | D        | Reached skill level 4 in Fighting
    52 | D        | Noticed a phantom
    52 | D        | Noticed a jelly
    52 | D        | Noticed a scorpion
    60 | D        | Slain by a phantom

Illustrated notes

Levels and vault maps discovered:
D:        linesprint [early_d, line_temple, items_1, d_10, items_2, lair_1,
          lair_end, items_3, orc_1, orc_end, items_4, d_15, swamp_1, shoals_1,
          snake_1, spider_1, d_20, vaults_1, items_5, swamp_end, shoals_end,
          snake_end, spider_end, vaults_end, d_27, items_6, zot_1, zot_end,
          crypt_end, forest_end, elf_end, slime_end, tomb_end, abyss_end,
          pan_hell_end]

Skill      XL: |  1 |
---------------+----+-----
Fighting       | 4 |  4.0
Maces & Flails | |  3.6
Armour         | |  2.4
Dodging        | |  1.8

Action                   || total
-------------------------++-------
Melee: Mace              ||    14
Invok: Berserk           ||     2
Armor: Animal skin       ||     3
Dodge: Dodged            ||     5

Table legend: (Time is in decaauts)
 A = Elapsed time spent in this place.
 B = Non-inter-level travel time spent in this place.
 C = Inter-level travel time spent in this place.
 D = Time resting spent in this place.
 E = Time spent auto-exploring this place.
 F = Levels seen in this place.
 G = Mean time per level.
                   A        B        C        D        E       F      G
               +--------+--------+--------+--------+--------+-----+--------+
         Total |     68 |     68 |      0 |     45 |      3 |   1 |   68.0 |
       Dungeon |     68 |     68 |      0 |     45 |      3 |   1 |   68.0 |
               +--------+--------+--------+--------+--------+-----+--------+

Top non-repeatable levels by time:
       D: 68 daAuts
